AoeStats
← wxm

Arena

510314491Analyzed
1v1 RM · 3d ago on Sep 30, 2026· 42m 21s· 2 players
Game mode
Random Map
Map size
Tiny (2 player)
Population
200
Speed
Normal
Resources
Standard
Victory
Conquest
Starting age
Dark Age
Ending age
Imperial Age
RankedLock teamsTeams togetherTeam positionsShared explorationLock speedFull tech treeHidden civsTurbo modeCheats
Victory
Defeat
🇨🇳 Japanese · China
371
+17
🇪🇸 Franks · Spain
395
-17
wxm
9:04 Feudal Age
9:46 Double-Bit Axe
9:43 Horse Collar
11:05 Wheelbarrow
20:25 Castle Age
19:56 Stone Mining
19:56 Gold Mining
20:21 Forging
20:14 Scale Mail Armor
20:21 Padded Archer Armor
21:28 Hand Cart
21:41 Heavy Plow
23:03 Man-at-Arms
23:47 Gambesons
23:35 Pikeman
24:17 Squires
24:16 Long Swordsman
26:19 Iron Casting
34:23 Chain Mail Armor
34:25 Leather Archer Armor
34:00 Fletching
34:38 Yasama
37:46 Arson
39:36 Gold Shaft Mining
iva9065
14:22 Feudal Age
17:03 Man-at-Arms
17:29 Arson
18:15 Double-Bit Axe
20:06 Scale Barding Armor
24:33 Castle Age
24:21 Forging
24:38 Light Cavalry
25:19 Husbandry
24:46 Elite Skirmisher
38:42 Imperial Age
41:07 Wheelbarrow
Connection lost

Rejoining the realm…

Still unreachable

The connection could not be restored.

Session expired

The server has moved on; the page needs a fresh start.